 Dungeon Crawl Stone Soup version 0.16-a0-3272-g378764d (webtiles) character file.

27665 Snot the Severer (level 13, -3/73 HPs)
             Began as a Minotaur Gladiator on Dec 22, 2014.
             Was a Priest of Wulndraste (penitent).
             Splashed by a deep elf sorcerer's acid (5 damage)
             ... on level 1 of the Elven Halls.
             The game lasted 02:34:34 (11991 turns).

Snot the Severer (Minotaur Gladiator)              Turns: 11991, Time: 02:34:34

Health: -3/73      AC: 14    Str: 26    XL:     13   Next: 5%
Magic:  14/14      EV:  8    Int:  5    God:    Wulndraste [*]
Gold:   340        SH: 18    Dex: 12    Spells: 1 memorised, 5 levels left

rFire  . . .     SeeInvis +     q - +0 war axe (flame)
rCold  . . .     Clarity  .     K - +0 chain mail {rN+}
rNeg   + . .     SustAb   .     j - +1 large shield
rPois  +         Gourm    .     c - +0 hat
rElec  .         Spirit   .     A - +1 cloak {MR+}
rCorr  .         Warding  .     g - +0 pair of gloves
rMut   .         Stasis   .     (no boots)
MR     ++...                    (no amulet)
Stlth  ..........               D - ring "Veusk" {MR+ Str+2 SInv}
                                t - ring of poison resistance

@: drained, very resistant to hostile enchantments, extremely unstealthy
A: retaliatory headbutt, horns 2, sense surroundings 1
a: Renounce Religion


You were on level 1 of the Elven Halls.
You worshipped Wulndraste.
Wulndraste was demanding penance.
You were not hungry.

You visited 4 branches of the dungeon, and saw 15 of its levels.
You visited 1 bazaar.
You also visited: Ossuary.

You collected 1936 gold pieces.
You spent 1596 gold pieces at shops.

Inventory:

Hand weapons
 a - a +1 war axe
 q - a +0 war axe of flaming (weapon)
 u - a +1 morningstar of freezing
 E - a +2 flail of holy wrath
 R - a +0 blowgun
Missiles
 d - a throwing net
 h - 2 curare-tipped needles
 m - 81 poisoned needles
 s - 24 tomahawks
 G - 7 needles of paralysis
 Z - 5 javelins (quivered)
Armour
 c - a +0 hat (worn)
 g - a +0 pair of gloves (worn)
 j - a +1 large shield (worn)
 A - a +1 cloak of magic resistance (worn)
 K - a +0 chain mail of positive energy (worn)
Jewellery
 t - a ring of poison resistance (left hand)
 x - an uncursed ring of wizardry
 y - an uncursed ring of see invisible
 D - the ring "Veusk" (right hand) {MR+ Str+2 SInv}
   (You bought it in a shop in a bazaar)

   [ring of strength]

   It affects your strength (+2).
   It affects your resistance to hostile enchantments.
   It enhances your eyesight.
 L - an uncursed ring of protection from fire
 Q - a +2 ring of intelligence
Magical devices
 z - a wand of disintegration (10)
 N - a wand of draining (5)
 P - a wand of teleportation (7)
 S - a wand of draining (6)
Scrolls
 b - a scroll of enchant weapon
 e - 2 scrolls of teleportation
 n - 4 scrolls of remove curse
 w - 7 scrolls of magic mapping
 C - a scroll of blinking
 T - a scroll of enchant armour
 W - a scroll of amnesia
 X - a scroll of recharging
Potions
 i - a potion of brilliance
 k - 2 potions of ambrosia
 o - 2 potions of restore abilities
 p - 2 potions of agility
 v - 3 potions of curing
 H - 2 potions of cancellation
Books
 I - a book of Power

   Spells                             Type                      Level
   a - Fulminant Prism                Conjuration/Hexes            4
   b - Iskenderun's Mystic Blast      Conjuration                  4
   c - Venom Bolt                     Conjuration/Poison           5
   d - Bolt of Magma                  Conjuration/Fire/Earth       5
   e - Iron Shot                      Conjuration/Earth            6
   f - Orb of Destruction             Conjuration                  7
   g - Spellforged Servitor           Conjuration/Summoning        7
 U - a book of Alchemy

   Spells                             Type                      Level
   a - Sublimation of Blood           Necromancy                   2
   b - Alistair's Intoxication        Transmutation/Poison         4
   c - Condensation Shield            Ice                          4
   d - Petrify                        Transmutation/Earth          4
   e - Ignite Poison                  Fire/Transmutation           5
   f - Irradiate                      Conjuration/Transmutation    5
Comestibles
 f - 9 bread rations
 l - a chunk of flesh
 r - 2 meat rations
 B - 3 beef jerkies
 J - 2 fruits
 O - 7 slices of pizza


   Skills:
 + Level 7.1(6.9) Fighting
 - Level 18.3(18.1) Axes
 - Level 4.2(4.0) Throwing
 + Level 7.5(7.4) Armour
 + Level 6.6(6.4) Dodging
 + Level 8.5(8.4) Shields
 + Level 7.3(7.1) Invocations


You had 5 spell levels left.
You knew the following spells:

 Your Spells              Type           Power        Failure   Level  Hunger
a - Orb of Destruction    Conj           #.........   100%        7    #######


Dungeon Overview and Level Annotations

Branches:
Dungeon (9/15)             Temple (1/1) D:7             Orc (4/4) D:9
    Elf (1/3) Orc:3
   Lair: D:8-11

Altars:
Ashenzari
Cheibriados
Dithmenos
Elyvilon
Fedhas
Gozag
Kikubaaqudgha
Makhleb
Nemelex Xobeh
Okawaru
Qazlal
Ru
Sif Muna
Trog
Vehumet Wulndraste
Xom
Yredelemnul
Zin
The Shining One
Beogh

Shops:
D:5 *   Orc:1 (   Orc:2 ?   Orc:4 %[(?

Annotations:
Elf:1 Nergalle


Innate Abilities, Weirdness & Mutations

You reflexively headbutt those who attack you in melee.
You have a pair of horns on your head.
You passively map a small area around you.


Message History

The deep elf knight is moderately wounded.
You hit the spectral orc warrior. You burn the spectral orc warrior.
The spectral orc warrior is lightly damaged.
You slash the spectral orc warrior! You burn the spectral orc warrior.
The spectral orc warrior is almost destroyed.
You hit the spectral orc knight. You burn the spectral orc knight.
The spectral orc knight is lightly damaged.
Your surroundings suddenly seem different.
A deep elf sorcerer comes into view. It is wielding a long sword.
The deep elf sorcerer shouts!
Found 41 bolts.
Found 20 stones.
You see here 16 bolts.
The deep elf sorcerer mumbles some strange words.
The deep elf sorcerer seems to speed up.
The deep elf sorcerer casts a spell at you.
The bolt of acid hits you!
* * * LOW HITPOINT WARNING * * *
The acid burns!
You die...

##.# , ..# ,
, #.# *
....####.####
(...#.......#
,
....#.##.##(#
... #.##.# .
*..##.# * *
#.###@# , , ,
,.#. #e# ,
.(.e,,..# ,
#. #### , .*
** , , * *


You could see a deep elf sorcerer.

Vanquished Creatures
  Saint Roka (Orc:4)
  A stone giant (Orc:4)
  An orc high priest (Orc:4)
  Urug (Orc:3)
  Pikel (D:7)
  An orc knight (Orc:4)
  4 orc sorcerers (Orc:4)
  A sixfirhy (Orc:4)
  A smoke demon (Orc:4)
  Psyche (D:9)
  2 trolls
  A deep elf priest (Elf:1)
  A blue devil (Orc:4)
  Eustachio (D:7)
  A hog (D:8)
  A human (D:8)
  Grum (D:9)
  A wyvern (D:8)
  A hippogriff (D:9)
  4 wolves (D:9)
  5 wargs
  A deep elf fighter (Elf:1)
  Menkaure (D:4)
  4 slaves
  2 sky beasts (D:7)
  2 black bears
  26 orc warriors
  2 ice beasts
  4 phantoms
  A centaur (D:7)
  9 ogres
  Sigmund (D:7)
  2 giant frogs
  2 big kobolds
  A wyvern skeleton (D:8)
  2 scorpions
  8 killer bees
  An electric eel (Orc:2)
  A wight (D:7)
  2 goliath beetles (D:7)
  6 crimson imps
  27 orc priests
  3 centaur zombies
  A quasit (D:7)
  A giant frog zombie (D:8)
  A human zombie (Ossuary)
  4 hounds
  A worker ant (D:6)
  Natasha (D:4)
  34 orc wizards
  2 killer bee zombies (D:8)
  3 ogre zombies (Ossuary)
  3 sheep (D:8)
  A hound zombie (D:7)
  2 hound skeletons
  7 mummies (Ossuary)
  3 adders
  A worker ant zombie (D:7)
  An orc skeleton (Orc:4)
  3 shadow imps
  A giant mite (D:4)
  2 worms
  3 adder zombies (Ossuary)
  2 oozes
  190 orcs
  A ball python (D:2)
  2 gnoll zombies (Ossuary)
  19 goblins
  23 hobgoblins
  11 jackals
  24 kobolds
  14 bats
  5 giant geckos
  5 giant newts
  A giant spore (D:8)
  8 goblin zombies (Ossuary)
  2 hobgoblin zombies (Ossuary)
  A jackal skeleton (D:4)
  3 kobold zombies (Ossuary)
  4 orc zombies (Orc:4)
  2 quokkas
  4 quokka zombies (Ossuary)
  15 rats
  2 rat zombies (Ossuary)
  4 ballistomycetes (D:8)
557 creatures vanquished.

Vanquished Creatures (others)
  Erolcha (Orc:3)
  An orc wizard (Orc:3)
  8 orcs
  A goblin (Orc:4)
11 creatures vanquished.

Grand Total: 568 creatures vanquished

Notes
Turn   | Place    | Note
--------------------------------------------------------------
     0 | D:1      | Snot, the Minotaur Gladiator, began the quest for the Orb.
     0 | D:1      | Reached XP level 1. HP: 18/18 MP: 1/1
   185 | D:1      | Reached skill level 4 in Axes
   201 | D:1      | Reached XP level 2. HP: 23/25 MP: 1/1
   604 | D:1      | Reached XP level 3. HP: 31/31 MP: 2/2
   822 | D:2      | Reached skill level 1 in Armour
   930 | D:2      | Reached skill level 5 in Axes
  1218 | D:2      | Reached skill level 1 in Shields
  1220 | D:2      | Reached XP level 4. HP: 38/38 MP: 2/2
  1823 | D:3      | Reached XP level 5. HP: 45/45 MP: 2/2
  1931 | D:3      | Reached skill level 6 in Axes
  2214 | D:4      | Noticed an ogre
  2219 | D:4      | Killed an ogre
  2219 | D:4      | Reached skill level 7 in Axes
  2219 | D:4      | Reached XP level 6. HP: 35/51 MP: 3/3
  2606 | D:4      | Reached skill level 8 in Axes
  2764 | D:4      | Reached XP level 7. HP: 57/57 MP: 3/3
  2813 | D:4      | Noticed an ogre
  2824 | D:4      | Killed an ogre
  2993 | D:4      | Noticed Natasha
  3002 | D:4      | Killed Natasha
  3084 | D:4      | Noticed Menkaure
  3093 | D:4      | Killed Menkaure
  3093 | D:4      | Reached skill level 9 in Axes
  3093 | D:4      | Reached skill level 5 in Shields
  3223 | D:5      | Entered Level 5 of the Dungeon
  3258 | D:5      | Found Wuog's General Store.
  3742 | D:5      | Reached XP level 8. HP: 63/63 MP: 3/3
  3984 | D:5      | Reached skill level 10 in Axes
  4001 | D:5      | Learned a level 7 spell: Orb of Destruction
  4743 | D:7      | Noticed Eustachio
  4745 | D:7      | Noticed Pikel
  4860 | D:7      | Gained mutation: You passively map a small area around you. [potion of beneficial mutation]
  5073 | D:7      | Reached skill level 11 in Axes
  5209 | D:7      | Noticed Sigmund
  5214 | D:7      | Killed Sigmund
  5249 | D:7      | Reached XP level 9. HP: 60/71 MP: 4/4
  5496 | D:7      | Killed Eustachio
  5496 | D:7      | Reached skill level 12 in Axes
  5656 | D:7      | Reached skill level 5 in Fighting
  5676 | D:7      | Killed Pikel
  6050 | D:7      | Reached skill level 13 in Axes
  6176 | D:7      | Found a staircase to the Ecumenical Temple.
  6202 | Temple   | Entered the Ecumenical Temple
  6276 | Temple   | Became a worshipper of Wulndraste the Wayfarer
  6433 | D:8      | Found a sand-covered staircase.
  6460 | Ossuary  | Entered an ossuary
  6677 | Ossuary  | Acquired Wulndraste's first power
  7127 | D:8      | Reached XP level 10. HP: 72/92 MP: 4/5
  7193 | D:8      | Reached skill level 1 in Invocations
  7218 | D:8      | Reached skill level 14 in Axes
  7487 | D:8      | Found a burning altar of Makhleb.
  7488 | D:8      | Found a basalt altar of Yredelemnul.
  7488 | D:8      | Found a radiant altar of Vehumet.
  7489 | D:8      | Found a shattered altar of Ashenzari.
  7492 | D:8      | Found a white marble altar of Elyvilon.
  7493 | D:8      | Found an iron altar of Okawaru.
  7498 | D:8      | Found a glowing silver altar of Zin.
  7753 | D:9      | Acquired Wulndraste's second power
  7754 | D:9      | Found a shimmering altar of Xom.
  7828 | D:9      | Learned a level 7 spell: Orb of Destruction
  7846 | D:9      | Noticed Grum
  7888 | D:9      | Killed Grum
  7951 | D:9      | Found a staircase to the Orcish Mines.
  8050 | D:9      | Noticed Psyche
  8053 | D:9      | Killed Psyche
  8053 | D:9      | Reached skill level 15 in Axes
  8353 | Orc:1    | Entered Level 1 of the Orcish Mines
  8436 | Orc:1    | Found Cuaqaumi's Antique Weapon Shoppe.
  8673 | Orc:1    | Reached skill level 5 in Invocations
  8956 | Orc:2    | Acquired Wulndraste's third power
  9224 | Orc:2    | Found Beapivas' Magic Scroll Boutique.
  9271 | Orc:2    | Bought a scroll of identify for 30 gold pieces
  9271 | Orc:2    | Bought a scroll of identify for 30 gold pieces
  9271 | Orc:2    | Bought a scroll of vulnerability for 112 gold pieces
  9271 | Orc:2    | Bought a scroll of magic mapping for 52 gold pieces
  9540 | Orc:3    | Reached XP level 11. HP: 107/109 MP: 15/15
  9584 | Orc:3    | Noticed Urug
  9592 | Orc:3    | Noticed Erolcha
  9612 | Orc:3    | Killed Erolcha
  9612 | Orc:3    | Reached skill level 16 in Axes
  9614 | Orc:3    | Killed Urug
  9889 | Orc:4    | Entered Level 4 of the Orcish Mines
  9889 | Orc:4    | Acquired Wulndraste's fourth power
  9889 | Orc:4    | Found a flickering gateway to a bazaar.
  9893 | Bazaar   | Entered a bazaar
  9893 | Bazaar   | Found Ucippel's Antique Armour Shoppe.
  9893 | Bazaar   | Found Gotehum's Distillery.
  9908 | Bazaar   | Bought a potion of heal wounds for 45 gold pieces
  9908 | Bazaar   | Bought a potion of might for 36 gold pieces
  9908 | Bazaar   | Bought a potion of heal wounds for 45 gold pieces
  9908 | Bazaar   | Bought a potion of berserk rage for 45 gold pieces
  9908 | Bazaar   | Bought a potion of experience for 450 gold pieces
  9923 | Bazaar   | Reached XP level 12. HP: 103/116 MP: 18/18
  9926 | Bazaar   | Found Opnupniv's Antique Weapon Boutique.
  9937 | Bazaar   | Found Threolif's Jewellery Emporium.
  9945 | Bazaar   | Found Rerusus' General Store.
  9954 | Bazaar   | Bought a scroll of magic mapping for 35 gold pieces
  9954 | Bazaar   | Bought a scroll of enchant weapon for 75 gold pieces
  9972 | Bazaar   | Bought a cursed ring of loudness for 58 gold pieces
  9972 | Bazaar   | Bought the ring "Veusk" {MR+ Str+2 SInv} for 315 gold pieces
 10248 | Orc:4    | Found a roughly hewn altar of Beogh.
 10282 | Orc:4    | Found a roughly hewn altar of Beogh.
 10352 | Orc:4    | Noticed a stone giant
 10363 | Orc:4    | Killed a stone giant
 10395 | Orc:4    | Found a roughly hewn altar of Beogh.
 10395 | Orc:4    | Found Dana Rainuje's Food Emporium.
 10692 | Orc:4    | Found a roughly hewn altar of Beogh.
 10747 | Orc:4    | Found a roughly hewn altar of Beogh.
 10808 | Orc:4    | Acquired Wulndraste's fifth power
 10828 | Orc:4    | Reached skill level 17 in Axes
 10832 | Orc:4    | Found a roughly hewn altar of Beogh.
 10880 | Orc:4    | Found a roughly hewn altar of Beogh.
 10880 | Orc:4    | Found Majauj's Magic Scroll Shop.
 10909 | Orc:4    | Bought a scroll of blinking for 105 gold pieces
 10909 | Orc:4    | Bought a scroll of identify for 28 gold pieces
 11025 | Orc:4    | Paralysed by an orc sorcerer for 2 turns
 11036 | Orc:4    | Noticed an orc high priest
 11147 | Orc:4    | Killed an orc high priest
 11295 | Orc:4    | Noticed Saint Roka
 11345 | Orc:4    | Killed Saint Roka
 11345 | Orc:4    | Reached skill level 18 in Axes
 11415 | Orc:4    | Reached XP level 13. HP: 79/136 MP: 26/26
 11495 | Orc:4    | Found Vyath's Antique Weapon Boutique.
 11495 | Orc:4    | Found a roughly hewn altar of Beogh.
 11499 | Orc:4    | Found Bleneqih's Antique Armour Shop.
 11517 | Orc:4    | Bought a glowing cloak for 135 gold pieces
 11842 | Orc:4    | Was placed under penance by Wulndraste
 11842 | Orc:3    | Found a staircase to the Elven Halls.
 11973 | Elf:1    | Entered Level 1 of the Elven Halls
 11979 | Elf:1    | Noticed Nergalle
 11984 | Elf:1    | Noticed a deep elf sorcerer
 11991 | Elf:1    | HP: 2/73 [deep elf sorcerer/bolt of acid (26)]
 11991 | Elf:1    | Splashed by a deep elf sorcerer's acid

Action                   |  1- 3 |  4- 6 |  7- 9 | 10-12 | 13-15 || total
-------------------------+-------+-------+-------+-------+-------++-------
Melee: War axe           |    92 |   139 |   436 |   703 |    52 ||  1422
Throw: Throwing net      |     2 |     1 |     3 |     2 |       ||     8
       Tomahawk          |       |    11 |    62 |    14 |       ||    87
       Javelin           |       |       |       |    10 |       ||    10
Evoke: Wand              |       |       |     3 |     5 |       ||     8
  Use: Scroll            |     7 |     3 |    15 |     4 |     1 ||    30
       Potion            |       |       |     2 |    12 |       ||    14
 Stab: Held in net/web   |       |       |     1 |     3 |       ||     4
       Invisible         |       |       |       |    13 |       ||    13
       Paralysed         |       |       |       |     2 |       ||     2
  Eat: Chunk             |     1 |     5 |    11 |    16 |     2 ||    35
       Pizza             |       |       |     1 |       |       ||     1
       Fruit             |       |       |     2 |     1 |       ||     3
